 Dungeon Crawl Stone Soup version 0.30.1-4-g462c640d31 (webtiles) character file.

Game seed: 10751889374395551356

1954 Heoruswealwe the Thaumaturge (level 8, -2/41 HPs)
             Began as a Deep Elf Conjurer on Aug 10, 2023.
             Slain by a wyvern (9 damage)
             ... on level 7 of the Dungeon.
             The game lasted 01:06:30 (5522 turns).

Heoruswealwe the Thaumaturge (Deep Elf Conjurer)    Turns: 5522, Time: 01:06:30

Health: -2/41      AC:  4    Str:  4    XL:     8   Next: 99%
Magic:  18/34      EV: 12    Int: 26    God:
Gold:   593        SH:  0    Dex: 13    Spells: 7/29 levels left

rFire   . . .        b - +0 long sword
rCold   . . .        (no shield)
rNeg    . . .        c - +0 robe
rPois   +            (no helmet)
rElec   .            h - +0 cloak {rPois}
rCorr   +            (no gloves)
SInv    .            e - +0 pair of boots
Will    .....        (no amulet)
Stlth   ++           k - ring of magical power
HPRegen 0.26/turn    j - ring of resist corrosion
MPRegen 0.24/turn

%: no passive effects
@: slowed, very slow
A: no striking features
a: no special abilities


You were on level 7 of the Dungeon.
You visited 1 branch of the dungeon, and saw 9 of its levels.
You also visited: Ossuary.

You collected 617 gold pieces.
You spent 24 gold pieces at shops.

Inventory:

Hand Weapons
 b - a +0 long sword (weapon)
 i - a +0 war axe
Armour
 c - a +0 robe (worn)
 e - a +0 pair of boots (worn)
 f - a +0 robe
 h - a +0 cloak of poison resistance (worn)
 o - a +0 robe
 s - a +0 robe
 u - a +0 robe
 z - a +0 robe
 G - a +0 robe
 I - a +0 robe
Magical Staves
 p - a staff of air
Jewellery
 j - a ring of resist corrosion (right hand)
 k - a ring of magical power (left hand)
 J - a ring of flight
Wands
 r - a wand of roots (18)
 t - a wand of digging (6)
 v - a wand of flame (7)
 H - a wand of paralysis (21)
Scrolls
 a - 6 scrolls of teleportation
 g - a scroll of enchant weapon {unknown}
 n - 4 scrolls of poison {unknown}
 q - a scroll of brand weapon {unknown}
 x - 2 scrolls of vulnerability {unknown}
 y - a scroll of butterflies {unknown}
 B - a scroll of fear {unknown}
 D - 2 scrolls of fog {unknown}
 F - a scroll of amnesia {unknown}
Potions
 d - a potion of berserk rage {unknown}
 l - a potion of haste {unknown}
 m - 4 potions of degeneration {unknown}
 w - a potion of resistance {unknown}
 A - 2 potions of curing {unknown}
 C - 3 potions of heal wounds {unknown}
 E - a potion of attraction {unknown}


   Skills:
 - Level 2.4 Dodging
 - Level 2.4 Stealth
 + Level 11.2 Spellcasting
 + Level 10.1 Conjurations


You had 7 spell levels left.
You knew the following spells:

 Your Spells              Type           Power      Damage    Failure   Level
a - Magic Dart            Conj           100%       1d8       1%          1
b - Kiss of Death         Conj/Necr      100%       2d13      1%          1
c - Searing Ray           Conj           100%       2d8       1%          2
d - Hailstorm             Conj/Ice       40%        3d10      1%          3
e - Dazzling Flash        Conj/Hex       80%        N/A       1%          3
f - Iskenderun's Mystic   Conj/Tloc      40%        2d9       4%          4
g - Fulminant Prism       Conj/Hex       20%        3d12      4%          4
h - Sticky Flame          Conj/Fire      40%        2d6       4%          4

Your spell library contained the following spells:

 Spells                   Type           Power      Damage    Failure   Level
 Freeze                   Ice            56%        1d7       4%          1
 Confusing Touch          Hex            14%        N/A       12%         3
 Frozen Ramparts          Ice            28%        1d5       12%         3
 Ignite Poison            Fire/Tmut/Pois 14%        N/A       12%         3
 Ozocubu's Armour         Ice            14%        N/A       12%         3
 Anguish                  Hex/Necr       7%         N/A       38%         4
 Cause Fear               Hex            7%         N/A       38%         4
 Dispel Undead            Necr           14%        3d10      38%         4
 Petrify                  Tmut/Erth      14%        N/A       38%         4
 Metabolic Englaciation   Hex/Ice        7%         N/A       75%         5
 Simulacrum               Ice/Necr       7%         N/A       99%         6
 Statue Form              Tmut/Erth      9%         N/A       99%         6
 Enfeeble                 Hex            7%         N/A       100%        7
 Ignition                 Fire           7%         3d4       100%        8


Dungeon Overview and Level Annotations

Branches:
Dungeon (9/15)            Ossuary (visited)
 Temple: D:4-7         Lair: D:8-11         Orc: D:9-12

Altars:
Cheibriados
Gozag
Trog

Shops:
D:5 ?   D:6 ?

Annotations:
D:8 Gastronok


Message History

The bullfrog is heavily wounded.
The bullfrog is knocked back by the mystic blast.
The bullfrog slams into the rock wall!
The bullfrog is almost dead.
You hear an angry hiss.
You hear a shout! x2
The bullfrog hits you but does no damage.
A wyvern comes into view.
The bullfrog barely misses you. The bullfrog hits you.
The wyvern closely misses you. The bullfrog misses you.
Casting: Iskenderun's Mystic Blast (dangerous; 5% risk of failure)
Confirm with . or Enter, or press ? or * to list all spells.
You erupt in a blast of force!
The mystic blast hits the wyvern.
The wyvern is lightly wounded.
The wyvern is knocked back by the mystic blast.
The wyvern slams into the rock wall!
The wyvern is moderately wounded.
The mystic blast hits the bullfrog!
You kill the bullfrog!
You hear a shout! x2; You hear an angry hiss.
You hear a shout! x2
The wyvern bites you!
A centaur comes into view.
The wyvern closely misses you. The wyvern attacks as you move away!
The wyvern bites you! The wyvern closely misses you.
You see here a bullfrog corpse.
Casting: Iskenderun's Mystic Blast (dangerous; 4% risk of failure)
Confirm with . or Enter, or press ? or * to list all spells.
You erupt in a blast of force!
The mystic blast hits the wyvern!
The wyvern is severely wounded.
The wyvern is knocked back by the mystic blast.
You hear a shout!
Casting: Iskenderun's Mystic Blast (dangerous; 4% risk of failure)
Confirm with . or Enter, or press ? or * to list all spells.
You erupt in a blast of force!
The mystic blast hits the wyvern but does no damage.
The wyvern is severely wounded.
The wyvern bites you!
* * * LOW HITPOINT WARNING * * *
The wyvern bites you!
You die...

.. .... #.. #..
#.. # #.#
#.##.####
#...l>..#
.....#@##......
... #.# ..... .
#.# .c.. #.#
##. ..# ..# #.#
#.#


You could see a wyvern.

Vanquished Creatures
  Eustachio (D:6)
  The ghost of raetorn the Slasher, an amateur BaFi of Gozag (D:4)
  A water moccasin (D:5)
  An ice beast (D:6)
  An ogre (D:5)
  A centaur (D:5)
  2 kobold brigands
  2 bullfrogs
  2 scorpions (D:5)
  The ghost of YordlordTheGreat the Ruffian, a weakling DrTm (D:3)
  A howler monkey (D:4)
  2 hounds
  2 jellies
  A gnoll bouda (D:6)
  An orc priest (D:5)
  A human zombie (Ossuary)
  2 sleepcaps (D:5)
  Crazy Yiuf (D:5)
  Jessica (D:3)
  4 iguanas
  3 orc wizards
  Natasha (thrice) (D:3)
  3 mummies
  8 gnolls
  4 adders
  An ufetubus (D:5)
  A worm (D:4)
  5 dart slugs
  19 orcs
  8 ball pythons
  5 bats
  6 endoplasms
  5 giant cockroaches
  3 gnoll zombies (Ossuary)
  8 goblins
  6 hobgoblins
  3 jackals (D:1)
  17 kobolds
  3 quokkas
  7 frilled lizards
  3 goblin zombies (Ossuary)
  4 hobgoblin zombies (Ossuary)
  A kobold zombie (D:5)
  4 orc zombies
  7 rats
166 creatures vanquished.

Notes
Turn   | Place    | Note
-------+----------+-------------------------------------------
     0 | D:1      | Heoruswealwe the Deep Elf Conjurer began the quest for the
                  | Orb.
     0 | D:1      | Reached XP level 1. HP: 10/10 MP: 6/6
   208 | D:1      | Reached XP level 2. HP: 15/15 MP: 5/8
   211 | D:1      | Learned a level 2 spell: Searing Ray
   615 | D:1      | Reached skill level 4 in Spellcasting
   664 | D:1      | Reached XP level 3. HP: 19/19 MP: 5/10
   668 | D:1      | Learned a level 3 spell: Dazzling Flash
   671 | D:1      | Reached skill level 5 in Conjurations
  1431 | D:2      | Found a snail-covered altar of Cheibriados.
  1434 | D:2      | Reached XP level 4. HP: 24/24 MP: 8/12
  1439 | D:2      | Learned a level 4 spell: Fulminant Prism
  1585 | D:2      | Found a faded altar of an unknown god.
  1764 | D:3      | Noticed Natasha
  1767 | D:3      | Killed Natasha
  1768 | D:3      | Reached skill level 5 in Spellcasting
  1772 | D:3      | Learned a level 3 spell: Hailstorm
  1865 | D:3      | Found a runed translucent gate.
  1866 | D:3      | Found a runed translucent gate.
  1866 | D:3      | Found a runed translucent gate.
  1890 | D:3      | Noticed Jessica
  1894 | D:3      | Killed Jessica
  1918 | D:3      | Noticed Natasha
  1956 | D:3      | Noticed a kobold brigand
  1956 | D:3      | Noticed YordlordTheGreat's ghost (weakling DrTm)
  1991 | D:3      | Killed Natasha
  1992 | D:3      | Reached XP level 5. HP: 20/28 MP: 9/15
  2028 | D:3      | Found an opulent altar of Gozag.
  2175 | D:3      | Identified the +6 rapier "Vunemmid" {antimagic, Dex+3}
  2438 | D:3      | Noticed Natasha
  2444 | D:3      | Killed Natasha
  2445 | D:3      | Reached skill level 6 in Spellcasting
  2489 | D:3      | Killed YordlordTheGreat's ghost
  2490 | D:3      | Reached XP level 6. HP: 17/32 MP: 7/17
  2495 | D:3      | Learned a level 4 spell: Iskenderun's Mystic Blast
  2585 | D:3      | Learned a level 1 spell: Kiss of Death
  2825 | D:4      | Reached skill level 7 in Spellcasting
  2949 | D:3      | You fall into a shaft and drop 3 floors!
  2978 | D:6      | Noticed an ice beast
  2989 | D:6      | Killed an ice beast
  2990 | D:6      | Reached XP level 7. HP: 14/36 MP: 15/20
  3116 | D:6      | Noticed Eustachio
  3134 | D:6      | Killed Eustachio
  3135 | D:6      | Reached skill level 8 in Spellcasting
  3140 | D:6      | Learned a level 4 spell: Sticky Flame
  3325 | D:6      | Found Caacur's Magic Scroll Shoppe.
  3348 | D:6      | Bought a scroll of identify for 24 gold pieces
  3385 | D:5      | Entered Level 5 of the Dungeon
  3424 | D:5      | Found a bloodstained altar of Trog.
  3472 | D:5      | Found a runed translucent door.
  3473 | D:5      | Noticed Crazy Yiuf
  3479 | D:5      | Killed Crazy Yiuf
  3480 | D:5      | Reached skill level 9 in Spellcasting
  3532 | D:5      | Reached XP level 8. HP: 33/41 MP: 23/23
  3590 | D:5      | Found a sand-covered staircase.
  3598 | Ossuary  | Entered an ossuary
  4522 | D:4      | Found a runed translucent gate.
  4522 | D:4      | Found a runed translucent gate.
  4522 | D:4      | Found a runed translucent gate.
  4523 | D:4      | Noticed raetorn's ghost (amateur BaFi)
  4533 | D:4      | Reached skill level 10 in Spellcasting
  4539 | D:4      | Killed raetorn's ghost
  5190 | D:5      | Reached skill level 11 in Spellcasting
  5190 | D:5      | Reached skill level 10 in Conjurations
  5224 | D:5      | Found Alerph's Magic Scroll Boutique.
  5320 | D:6      | You fall into a shaft and drop 3 floors!
  5509 | D:8      | Noticed Gastronok
  5522 | D:7      | Slain by a wyvern

Illustrated notes

Levels and vault maps discovered:
D:1:      dpeg_arrival_chambers_temple_mockup, layout_basic,
          corexii_item_surrounded_by_moat
D:2:      layout_rooms, nicolae_ecumenical_oubliette, basic_altar,
          kennysheep_boxes
D:3:      layout_loops_ring, mainiacjoe_overflow_paths, gammafunk_ghost_split,
          minivault_24, uniq_natasha, uniq_jessica
D:4:      layout_loops_ring, gammafunk_ghost_nasty_kobolds
D:5:      layout_loops_ring, mainiacjoe_overflow_catwalk,
          nicolae_ossuary_entry_giza, nicolae_stop_n_shop_2,
          uniq_crazy_yiuf_cottage
D:6:      layout_cave_pools, serial_shops, nicolae_shop_trees, uniq_maggie,
          uniq_eustachio
D:7:      layout_basic, temple_doors_e, enter_bailey_3, serial_shops,
          nicolae_shop_pleasant_corner_grove
D:8:      layout_cave_pools, uniq_gastronok
D:9:      layout_roguey, minmay_the_grid_2x2 [minmay_the_grid_holed_spiral,
          minmay_the_grid_gridbox, minmay_the_grid_tri_star,
          minmay_the_grid_prize_four_corners], uniq_harold, uniq_grum

Skill      XL: |  1  2  3  4  5  6  7  8 |
---------------+-------------------------+-----
Spellcasting   | 4 5 6 7 9 11 | 11.2
Conjurations   | 5 6 7 8 10 | 10.1
Dodging        | |  2.4
Stealth        | |  2.4

Action                     |  1- 3 |  4- 6 |  7- 9 || total
---------------------------+-------+-------+-------++-------
  Melee: Unarmed           |     1 |       |       ||     1
         Long sword        |       |       |     9 ||     9
   Cast: Magic Dart        |    67 |    81 |   116 ||   264
         Searing Ray       |       |    10 |    20 ||    30
         Iskenderun's Myst |       |       |    24 ||    24
         Hailstorm         |       |       |     2 ||     2
  Evoke: Wand              |       |       |     4 ||     4
    Use: Scroll            |       |     1 |     3 ||     4
         Potion            |       |     1 |     3 ||     4
 Armour: Robe              |     3 |     7 |    21 ||    31
  Dodge: Dodged            |     6 |    18 |    52 ||    76
